 Dungeon Crawl Stone Soup version 0.29.0-4-gdea44cf6ec (webtiles) character file.

Game seed: 16882747190358935930

84 qw the Sneak (level 4, -4/21 HPs)
             Began as a Felid Delver on Aug 27, 2022.
             Killed from afar by a steam dragon (25 damage)
             ... with a ball of steam
             ... on level 4 of the Dungeon.
             The game lasted 00:00:24 (3805 turns).

qw the Sneak (Felid Delver)                         Turns: 3805, Time: 00:00:24

Health: -4/21      AC:  1    Str: 14    XL:     4   Next: 23%
Magic:  5/5        EV: 19    Int: 11    God:
Gold:   822        SH:  0    Dex: 19    Spells: 3/3 levels left
                                        Lives:  0   Deaths: 1

rFire   . . .      SeeInvis +     - Unarmed
rCold   . . .      Faith    .   (shield unavailable)
rNeg    . . .      Spirit   .   (body armour unavailable)
rPois   .          Reflect  .   (helmet unavailable)
rElec   .          Harm     .   (cloak unavailable)
rCorr   .          Rampage  .   (gloves unavailable)
Will    .....                   (boots unavailable)
Stlth   ++........              (no amulet)
HPRegen 0.07/turn               f - +6 ring of strength
MPRegen 0.09/turn               (no ring)

@: very slow
A: very small, claws 1, fangs 3, see invisible, speed 1, shaggy fur 1, stealthy
paws, no weapons or thrown items, no armour, multi-lived
a: no special abilities


You were on level 4 of the Dungeon.
You visited 1 branch of the dungeon, and saw 5 of its levels.

You collected 822 gold pieces.


Innate Abilities, Weirdness & Mutations

You have sharp claws.
You have razor-sharp teeth.
You have supernaturally acute eyesight. (SInv)
You cover ground quickly. (Speed+)
You are covered in fur. (AC +1)
Your paws help you pounce on unaware monsters.
You are incapable of wielding weapons or throwing items.
You cannot wear armour.
You gain extra lives every three experience levels.


   Skills:
 - Level 3.0 Fighting
 - Level 4.0 Dodging
 - Level 6.6 Stealth
 + Level 4.6 Unarmed Combat


You had 3 spell levels left.
You didn't know any spells.
Your spell library was empty.

Inventory:

Jewellery
 f - a +6 ring of strength (left paw)
Wands
 e - a wand of digging (3)
Scrolls
 j - 3 scrolls of enchant weapon
Potions
 b - a potion of heal wounds
 c - a potion of brilliance {unknown}
 d - a potion of haste
 g - 7 potions of curing
 h - a potion of resistance {unknown}
 i - a potion of invisibility {unknown}

Dungeon Overview and Level Annotations

Branches:
Dungeon (5/15)             Temple (0/1) D:4

Altars:
Cheibriados
Dithmenos
Kikubaaqudgha


Message History

3782 ||| Stepping ~*~*~tactically~*~*~ (stealth).
(D) Dungeon (T) Temple
Where to? (* - list waypoints, Enter - Temple, ? - help)
3784 ||| Stepping ~*~*~tactically~*~*~ (stealth).
3785 ||| Stepping ~*~*~tactically~*~*~ (stealth).
You scratch the iguana but do no damage.
The iguana misses you.
You completely miss the iguana. The iguana misses you.
You scratch the iguana. Your bite misses the iguana.
The iguana is lightly wounded.
The iguana bites you but does no damage.
You scratch the iguana.
The iguana is lightly wounded.
You claw the iguana!
The iguana is heavily wounded.
The iguana barely misses you.
You scratch the iguana.
The iguana is almost dead.
The iguana barely misses you.
You barely miss the iguana.
The iguana is almost dead.
The iguana barely misses you.
You scratch the iguana.
You kill the iguana!
Welcome back to level 4!
(D) Dungeon (T) Temple
Where to? (* - list waypoints, Enter - Temple, ? - help)
You see here an iguana corpse.
(D) Dungeon (T) Temple
Where to? (* - list waypoints, Enter - Temple, ? - help)
Found a stone staircase leading down.
Found a puce potion.
You enter the shallow water.
Moving in this stuff is going to be slow.
The steam dragon hisses angrily.
The steam dragon breathes steam at you. The ball of steam hits you!!
Ouch! That really hurt!
You die...

#..##.. ..>.#..#
......#######
#..........#######
#.#..............
#........~~~~~...
###....~~~~~~~~~.
#..~~~~~~~~~~~~
#.~~~~~@~~~~~~~
#.~~~~~D...~~~~
########.~~~~~~$>.~~~~
#...<.%..~~~~~~...~~~~
....####.#..~~~~~~~~~~~~
.. #......~~~~~~~~~.
##.......~~~~~...
##..............
#####.....


You could see a steam dragon (catching breath).

Vanquished Creatures
  An iguana (D:4)
  2 adders
  An ufetubus (D:5)
  2 orcs (D:5)
  5 ball pythons
  4 bats (D:1)
  6 endoplasms
  9 giant cockroaches
  2 goblins (D:3)
  8 hobgoblins
  5 jackals (D:3)
  6 kobolds
  6 quokkas
  4 frilled lizards
  5 rats
66 creatures vanquished.

Notes
Turn   | Place    | Note
-------+----------+-------------------------------------------
     0 | D:5      | qw the Felid Delver began the quest for the Orb.
     0 | D:5      | Reached XP level 1. HP: 10/10 MP: 2/2
     0 | D:5      | 0 ||| qw: Version: 0.1-a-89-g26bdef1
     0 | D:5      | 0 ||| qw: Game counter: 135
     0 | D:5      | 0 ||| qw: Always use a shield: true
     0 | D:5      | 0 ||| qw: God list: Okawaru, Trog
     0 | D:5      | 0 ||| qw: Allow faded altars: false
     0 | D:5      | 0 ||| qw: Do Orc after D:15 true
     0 | D:5      | 0 ||| qw: Do second Lair branch before Depths: true
     0 | D:5      | 0 ||| qw: Lair rune preference: random
     0 | D:5      | 0 ||| qw: Plans: Normal
     0 | D:5      | 0 ||| PLANNING D:1-11
   104 | D:5      | HP: 2/10 [ufetubus (4)]
   106 | D:5      | Reached XP level 2. HP: 4/14 MP: 3/3
   423 | D:5      | 423 ||| READING scroll labelled MIMEYWK KAAKOM.
   426 | D:5      | 426 ||| READING scroll labelled RIPSIAFALE.
   426 | D:5      | Identified a scroll of acquirement
   426 | D:5      | 426 ||| ACQUIRING 582 gold pieces
   426 | D:5      | Acquired 582 gold pieces
   428 | D:5      | 428 ||| DROPPING scroll of fog.
   429 | D:5      | 429 ||| DROPPING scroll of magic mapping.
   430 | D:5      | 430 ||| DROPPING scroll of fear.
   477 | D:4      | Reached skill level 3 in Unarmed Combat
   539 | D:4      | Reached skill level 3 in Dodging
   591 | D:4      | Reached XP level 3. HP: 13/17 MP: 4/4
   655 | D:4      | 655 ||| READING scroll labelled ZEISHU ZEEBBI.
   690 | D:3      | 690 ||| Stepping ~*~*~tactically~*~*~ (outnumbered).
   691 | D:3      | 691 ||| Stepping ~*~*~tactically~*~*~ (outnumbered).
   692 | D:3      | 692 ||| Stepping ~*~*~tactically~*~*~ (outnumbered).
   725 | D:3      | 725 ||| Stepping ~*~*~tactically~*~*~ (stealth).
   728 | D:3      | 728 ||| Stepping ~*~*~tactically~*~*~ (stealth).
   729 | D:3      | 729 ||| Stepping ~*~*~tactically~*~*~ (stealth).
   730 | D:3      | 730 ||| Stepping ~*~*~tactically~*~*~ (stealth).
   731 | D:3      | 731 ||| Stepping ~*~*~tactically~*~*~ (stealth).
   733 | D:3      | 733 ||| Stepping ~*~*~tactically~*~*~ (stealth).
   743 | D:3      | 743 ||| Stepping ~*~*~tactically~*~*~ (stealth).
   745 | D:3      | 745 ||| Stepping ~*~*~tactically~*~*~ (stealth).
   746 | D:3      | 746 ||| Stepping ~*~*~tactically~*~*~ (stealth).
   859 | D:3      | Found a snail-covered altar of Cheibriados.
  1120 | D:3      | Found a faded altar of an unknown god.
  1143 | D:3      | 1143 ||| READING scroll labelled KICVEMENUS.
  1442 | D:2      | 1442 ||| READING scroll labelled JANOIHIUCU.
  1443 | D:2      | 1443 ||| Stepping ~*~*~tactically~*~*~ (stealth).
  1445 | D:2      | 1445 ||| Stepping ~*~*~tactically~*~*~ (stealth).
  1449 | D:2      | 1449 ||| Stepping ~*~*~tactically~*~*~ (stealth).
  1459 | D:2      | 1459 ||| Stepping ~*~*~tactically~*~*~ (stealth).
  1460 | D:2      | 1460 ||| Stepping ~*~*~tactically~*~*~ (stealth).
  1462 | D:2      | 1462 ||| Stepping ~*~*~tactically~*~*~ (outnumbered).
  1540 | D:1      | Reached XP level 4. HP: 21/21 MP: 5/5
  1550 | D:1      | 1550 ||| Stepping ~*~*~tactically~*~*~ (stealth).
  1799 | D:1      | 1799 ||| Stepping ~*~*~tactically~*~*~ (stealth).
  1801 | D:1      | 1801 ||| Stepping ~*~*~tactically~*~*~ (stealth).
  1805 | D:1      | Slain by a kobold
  1806 | D:1      | Reached XP level 3. HP: 0/17 MP: 4/4
  1892 | D:1      | 1892 ||| Stepping ~*~*~tactically~*~*~ (stealth).
  1893 | D:1      | 1893 ||| Stepping ~*~*~tactically~*~*~ (stealth).
  2541 | D:1      | 2541 ||| UPGRADING to +6 ring of strength.
  2542 | D:1      | 2542 ||| READING scroll labelled ICZAIL RONEED.
  2543 | D:1      | 2543 ||| READING 4 scrolls labelled VEUVUG QOGOAN.
  2544 | D:1      | 2544 ||| READING scroll labelled ECUDU WAAFUL.
  3207 | D:2      | 3207 ||| DRINKING 2 lumpy black potions.
  3430 | D:3      | 3430 ||| Stepping ~*~*~tactically~*~*~ (stealth).
  3432 | D:3      | 3432 ||| Stepping ~*~*~tactically~*~*~ (stealth).
  3434 | D:3      | 3434 ||| Stepping ~*~*~tactically~*~*~ (stealth).
  3438 | D:3      | Found a shadowy altar of Dithmenos.
  3680 | D:3      | Found an ancient bone altar of Kikubaaqudgha.
  3687 | D:3      | 3687 ||| DRINKING 3 glowing white potions.
  3720 | D:3      | 3720 ||| DROPPING 2 potions of lignification.
  3767 | D:4      | Found a staircase to the Ecumenical Temple.
  3768 | D:4      | 3768 ||| PLANNING TEMPLE
  3777 | D:4      | Noticed a steam dragon
  3778 | D:4      | 3778 ||| Stepping ~*~*~tactically~*~*~ (stealth).
  3782 | D:4      | 3782 ||| Stepping ~*~*~tactically~*~*~ (stealth).
  3784 | D:4      | 3784 ||| Stepping ~*~*~tactically~*~*~ (stealth).
  3785 | D:4      | 3785 ||| Stepping ~*~*~tactically~*~*~ (stealth).
  3794 | D:4      | Reached XP level 4. HP: 21/21 MP: 5/5
  3805 | D:4      | Killed from afar by a steam dragon

Levels and vault maps discovered:
D:1:      dpeg_arrival_court, layout_basic, chequers_avenue
D:2:      layout_basic
D:3:      layout_loops_ring, lemuel_round_altar, nicolae_overflow_squiral,
          hellmonk_ecumenical_altar_arch_garden, minmay_misc_feat_secret_circle
D:4:      due_chaos_kobolds, layout_rooms, temple_pool_b
D:5:      layout_loops_cross, nicolae_yredelemnul_ghost_church, elyvilon_altar_3

Skill      XL: |  1  2  3 |
---------------+----------+-----
Unarmed Combat | 3 4 |  4.6
Dodging        | 3 4 |  4.0
Fighting       | |  3.0
Stealth        | |  6.6

Action                   |  1- 3 |  4- 6 || total
-------------------------+-------+-------++-------
Melee: Unarmed           |   169 |    17 ||   186
       Bite              |    10 |       ||    10
       Punch             |     5 |     2 ||     7
  Use: Scroll            |     8 |       ||     8
       Potion            |     2 |       ||     2
 Stab: Sleeping          |    12 |     1 ||    13
Armor: Skin              |     8 |     1 ||     9
Dodge: Dodged            |   114 |     7 ||   121

Table legend:
 A = Non-vault XP
 B = Vault XP
 C = Vault XP percentage of total XP
 D = Non-vault monster count
 E = Vault monster count
 F = Vault count percentage of total count
                 A         B        C        D         E       F
            +---------+---------+-------+---------+---------+-------
      Total |     181 |       0 |   0.0 |      66 |       0 |   0.0
            +---------+---------+-------+---------+---------+-------
        D:1 |      37 |       0 |   0.0 |      22 |       0 |   0.0
        D:2 |      23 |       0 |   0.0 |      14 |       0 |   0.0
        D:3 |      43 |       0 |   0.0 |      18 |       0 |   0.0
        D:4 |      64 |       0 |   0.0 |       9 |       0 |   0.0
        D:5 |      14 |       0 |   0.0 |       3 |       0 |   0.0
            +---------+---------+-------+---------+---------+-------
